 Dungeon Sprint DCSS version 0.24.1-14-gf8d2b509d9 (webtiles) character file.

Game seed: 10275463170458567806, levelgen mode: deterministic

8400000 Doot the Archmage (level 27, -50/249 HPs)
             Began as a Demonspawn Warper on May 28, 2020.
             Was the Champion of Makhleb.
             Annihilated by The Servant
             ... wielding a +9 glaive of flaming
              (52 damage)
             ... in the Dungeon (Sprint VIII: "Arena of Blood").
             The game lasted 00:02:28 (84 turns).

Doot the Archmage (Demonspawn Warper)                 Turns: 84, Time: 00:02:29

Health: -50/249    AC:  6    Str: 15    XL:     27
Magic:  24/54      EV: 39    Int: 14    God:    Makhleb [******]
Gold:   0          SH:  0    Dex: 29    Spells: 80/80 levels left

rFire    . . .     SeeInvis .   b - +∞ Axe of Woe
rCold    + . .     Gourm    .   (shield currently unavailable)
rNeg     . . .     Faith    .   a - +0 leather armour
rPois    .         Spirit   .   (helmet unavailable)
rElec    .         Reflect  .   (no cloak)
rCorr    .         Harm     .   (no gloves)
MR       ++...     NoTele   +   (no boots)
Stlth    ++++++++++             (no amulet)
HPRegen  0.51/turn              (no ring)
MPRegen  0.34/turn              (no ring)

@: no status effects
A: horns 3, thin skeletal structure 3, cold resistance 1, foul stench 2,
icemail, augmentation 3, rot immunity, freezing cloud immunity
a: Minor Destruction, Lesser Servant of Makhleb, Major Destruction, Greater
Servant of Makhleb, Renounce Religion


You were in the Dungeon.
You worshipped Makhleb.
Makhleb was exalted by your worship.
You were not hungry.

You visited 1 branch

Inventory:

Hand Weapons
 b - the +∞ Axe of Woe (weapon)
   (You found it in the Dungeon)
Missiles
 d - 5 boomerangs of dispersal (quivered)
Armour
 a - a +0 leather armour (worn)
Scrolls
 c - 2 scrolls of blinking
Potions
 e - a potion of curing
 g - a potion of heal wounds
 h - a potion of haste
 i - 2 potions of magic
 j - a potion of berserk rage
Comestibles
 f - a ration


   Skills:
 O Level 27 Fighting
 O Level 27 Axes
 O Level 27 Throwing
 O Level 27 Armour
 O Level 27 Dodging
 O Level 27 Stealth
 O Level 27 Unarmed Combat
 O Level 27 Spellcasting
   Level 2.6 Translocations
 O Level 27 Invocations


You had 80 spell levels left.
You didn't know any spells.
Your spell library contained the following spells:

 Spells                   Type           Power        Failure   Level  Hunger
 Blink                    Tloc           N/A          1%          2    None
 Shroud of Golubria       Chrm/Tloc      ###...       1%          2    None
 Gell's Gravitas          Tloc           ####......   1%          3    None
 Lesser Beckoning         Tloc           ####......   1%          3    None
 Teleport Other           Tloc           ####....     1%          3    None
 Passage of Golubria      Tloc           N/A          6%          4    None


Dungeon Overview and Level Annotations

Branches:
Dungeon (1/1)

Altars:
Makhleb

Annotations:
D The Servant


Innate Abilities, Weirdness & Mutations

You have a pair of large horns on your head.
You have an unnaturally thin skeletal structure. (Dex +6, Stealth++)
Your flesh is cold resistant. (rC+)
You frequently emit foul miasma when damaged in melee.
A meltable icy envelope protects you from harm. (AC +0)
Your magical and physical power is greatly enhanced at high health.
You are immune to rotting.
You are immune to freezing clouds.


Message History

You slice the bag of meat!!
You butcher the bag of meat messily.
You kill the bag of meat!
Makhleb accepts your kill.
You feel better.
You hit the crawling corpse.
You slaughter the crawling corpse joyfully.
You destroy the crawling corpse!
You hit the destroyer.
You hew the destroyer savagely.
You destroy the destroyer!
Makhleb accepts your kill.
You feel better.
You hear a shout! x2
The dread calls on the powers of darkness!
Your body is wracked with pain!
The bag of meat convulses! x2
The Servant convulses!
The bag of meat convulses!
The eight-headed meat hydra convulses!
The bag of meat convulses!
You hear a shout!
The Servant hits you from afar with a +9 glaive of flaming!!!!
* * * LOW HITPOINT WARNING * * *
The Servant burns you!!!
You die...

..... .... .....##
##.....
.................
.....%.#.#.......
....o.....X....##
.....W...........
..%.%.)X...X........
§....%)@)LX.X...§...
.....%)))X).........
..#..o@)°2#.........
#.MoD)☼)# .O......
.###%...○○○###.......
...zo.###%).○§X......
.%o..._)))))§)......
...#...).#...).%.#.#
....#_.<)_#..........


You could see an accursed, a tyrant, a reaper, The Servant, an eight-headed meat
hydra, a sculptor of flesh, 6 large abominations, a dread, a meat berserker
(berserk) and 5 bags of meat.

Vanquished Creatures
  Sigmund (D)
  3 hell beasts (D)
  3 greater mummies (D)
  5 wraiths (D)
  21 vampire knights (D)
  27 ogres (D)
  6 two-headed ogres (D)
  3 liches (D)
  50 orcs (D)
  3 skeletal warriors (D)
  7 large abominations (D)
  9 small abominations (D)
  5 crawling corpses (D)
143 creatures vanquished.

Vanquished Creatures (others)
  3 crawling corpses (D)
3 creatures vanquished.

Grand Total: 146 creatures vanquished

Notes
Turn   | Place    | Note
-------+----------+-------------------------------------------
     0 | D        | Found the +∞ Axe of Woe
     0 | D        | Doot the Demonspawn Warper began the quest for the Orb.
     0 | D        | Reached XP level 1. HP: 16/16 MP: 3/3
     1 | D        | Noticed a bag of meat
     2 | D        | Noticed a bag of meat
     2 | D        | Noticed a bag of meat
     4 | D        | Became a worshipper of Makhleb the Destroyer
     4 | D        | Noticed a bag of meat
     4 | D        | Noticed a bag of meat
     6 | D        | Killed a bag of meat
     6 | D        | Gained mutation: Your flesh is cold resistant. (rC+)
                  | [demonic ancestry]
     6 | D        | Reached XP level 2. HP: 40/40 MP: 3/17
     6 | D        | Gained mutation: You have a somewhat thin skeletal
                  | structure. (Dex +2, Stealth) [demonic ancestry]
     6 | D        | Reached XP level 3. HP: 46/46 MP: 3/19
     6 | D        | Reached XP level 4. HP: 53/53 MP: 3/20
     6 | D        | Gained mutation: You are immune to rotting. [demonic
                  | ancestry]
     6 | D        | Reached XP level 5. HP: 59/59 MP: 3/22
     6 | D        | Gained mutation: You may emit foul miasma when damaged in
                  | melee. [demonic ancestry]
     6 | D        | Reached XP level 6. HP: 66/66 MP: 3/23
     6 | D        | Gained mutation: You have a moderately thin skeletal
                  | structure. (Dex +4, Stealth+) [demonic ancestry]
     6 | D        | Reached XP level 7. HP: 72/72 MP: 3/25
     6 | D        | Reached XP level 8. HP: 79/79 MP: 3/26
     6 | D        | Reached XP level 9. HP: 85/85 MP: 3/27
     6 | D        | Reached XP level 10. HP: 92/92 MP: 3/28
     6 | D        | Gained mutation: You have an unnaturally thin skeletal
                  | structure. (Dex +6, Stealth++) [demonic ancestry]
     6 | D        | Reached XP level 11. HP: 98/98 MP: 3/29
     6 | D        | Noticed a bag of meat
     6 | D        | Noticed a bag of meat
     7 | D        | Killed a bag of meat
     7 | D        | Reached * piety under Makhleb
     7 | D        | Reached skill level 15 in Fighting
     7 | D        | Reached skill level 5 in Throwing
     7 | D        | Reached skill level 5 in Armour
     7 | D        | Reached XP level 12. HP: 110/110 MP: 3/32
     7 | D        | Noticed a meat berserker
     8 | D        | Noticed a bag of meat
     8 | D        | Noticed a meat berserker
     9 | D        | Noticed a meat berserker
    10 | D        | Killed a bag of meat
    10 | D        | Reached skill level 15 in Dodging
    10 | D        | Reached skill level 15 in Unarmed Combat
    10 | D        | Reached XP level 13. HP: 85/119 MP: 4/34
    10 | D        | Noticed a meat berserker
    10 | D        | Noticed a bag of meat
    10 | D        | Noticed a bag of meat
    10 | D        | Noticed a bag of meat
    11 | D        | Killed a meat berserker
    11 | D        | Gained mutation: You are immune to freezing clouds.
                  | [demonic ancestry]
    11 | D        | Reached XP level 14. HP: 7/131 MP: 4/37
    11 | D        | Killed a bag of meat
    11 | D        | Reached ** piety under Makhleb
    11 | D        | Reached skill level 10 in Axes
    11 | D        | Gained mutation: You have a pair of small horns on your
                  | head. [demonic ancestry]
    11 | D        | Reached XP level 15. HP: 55/140 MP: 4/39
    11 | D        | Killed a meat berserker
    12 | D        | Gained mutation: Your magical and physical power is
                  | slightly enhanced at high health. [demonic ancestry]
    12 | D        | Reached XP level 16. HP: 83/153 MP: 5/42
    12 | D        | Killed a meat berserker
    12 | D        | Reached *** piety under Makhleb
    12 | D        | Killed a meat berserker
    12 | D        | Reached skill level 15 in Axes
    12 | D        | Reached skill level 10 in Armour
    12 | D        | Gained mutation: You have a pair of horns on your head.
                  | [demonic ancestry]
    12 | D        | Reached XP level 17. HP: 166/166 MP: 5/45
    13 | D        | Reached **** piety under Makhleb
    13 | D        | Gained mutation: You have a pair of large horns on your
                  | head. [demonic ancestry]
    13 | D        | Reached XP level 18. HP: 177/177 MP: 5/48
    15 | D        | Noticed a destroyer
    16 | D        | Reached skill level 27 in Spellcasting
    16 | D        | Killed a destroyer
    16 | D        | Reached ***** piety under Makhleb
    16 | D        | Reached skill level 27 in Fighting
    16 | D        | Reached XP level 19. HP: 189/189 MP: 6/50
    16 | D        | Reached skill level 10 in Throwing
    16 | D        | Noticed a large bag of meat
    18 | D        | Noticed a destroyer
    18 | D        | Noticed a large bag of meat
    19 | D        | Noticed a meat berserker
    20 | D        | Noticed a meat berserker
    20 | D        | Noticed a meat berserker
    21 | D        | Noticed a meat berserker
    21 | D        | Killed a large bag of meat
    21 | D        | Reached skill level 27 in Dodging
    21 | D        | Reached skill level 27 in Unarmed Combat
    22 | D        | Killed a large bag of meat
    22 | D        | Reached skill level 27 in Axes
    22 | D        | Reached XP level 20. HP: 119/197 MP: 8/51
    22 | D        | Reached skill level 15 in Throwing
    22 | D        | Reached skill level 10 in Stealth
    22 | D        | Noticed a meat berserker
    23 | D        | Noticed a destroyer
    24 | D        | Killed a destroyer
    24 | D        | Reached skill level 15 in Stealth
    24 | D        | Gained mutation: Your magical and physical power is
                  | enhanced at high health. [demonic ancestry]
    24 | D        | Reached XP level 21. HP: 204/204 MP: 8/52
    25 | D        | Reached ****** piety under Makhleb
    25 | D        | Killed a destroyer
    25 | D        | Reached skill level 27 in Armour
    26 | D        | Reached skill level 27 in Throwing
    26 | D        | Reached skill level 27 in Stealth
    26 | D        | Reached XP level 22. HP: 212/212 MP: 9/53
    26 | D        | Noticed a destroyer
    27 | D        | Noticed a destroyer
    28 | D        | Reached skill level 27 in Invocations
    28 | D        | Reached XP level 23. HP: 219/219 MP: 9/54
    29 | D        | Noticed a destroyer
    31 | D        | Killed a destroyer
    31 | D        | Gained mutation: A meltable icy envelope protects you from
                  | harm. (AC +0) [demonic ancestry]
    31 | D        | Reached XP level 24. HP: 227/227 MP: 10/54
    31 | D        | Noticed a large bag of meat
    33 | D        | Killed a destroyer
    34 | D        | Gained mutation: You frequently emit foul miasma when
                  | damaged in melee. [demonic ancestry]
    34 | D        | Reached XP level 25. HP: 234/234 MP: 11/54
    34 | D        | Killed a destroyer
    34 | D        | Noticed a destroyer
    37 | D        | Reached XP level 26. HP: 242/242 MP: 11/54
    37 | D        | Noticed a large bag of meat
    37 | D        | Noticed a destroyer
    41 | D        | Killed a destroyer
    41 | D        | Noticed a large bag of meat
    42 | D        | Gained mutation: Your magical and physical power is greatly
                  | enhanced at high health. [demonic ancestry]
    42 | D        | Reached XP level 27. HP: 249/249 MP: 13/54
    42 | D        | Noticed a destroyer
    42 | D        | Noticed a destroyer
    43 | D        | Noticed a destroyer
    43 | D        | Noticed a destroyer
    43 | D        | Noticed an accursed
    44 | D        | Killed a destroyer
    45 | D        | Noticed an accursed
    46 | D        | Killed an accursed
    48 | D        | Killed a large bag of meat
    49 | D        | Noticed an accursed
    49 | D        | Killed a large bag of meat
    49 | D        | Killed a large bag of meat
    50 | D        | Killed a destroyer
    51 | D        | Killed a destroyer
    52 | D        | Killed a destroyer
    53 | D        | Noticed a tyrant
    56 | D        | Noticed The Captor
    56 | D        | Noticed a destroyer
    57 | D        | Noticed a dread
    57 | D        | Killed a tyrant
    57 | D        | Killed an accursed
    57 | D        | Noticed a large bag of meat
    58 | D        | Killed a destroyer
    58 | D        | Killed The Captor
    59 | D        | Noticed a tyrant
    61 | D        | Noticed a destroyer
    62 | D        | Killed a dread
    63 | D        | Noticed a dread
    63 | D        | Noticed a destroyer
    66 | D        | Noticed a destroyer
    67 | D        | Killed a tyrant
    67 | D        | Killed a large bag of meat
    67 | D        | Noticed a dread
    68 | D        | Noticed a meat beast
    68 | D        | Noticed a dread
    69 | D        | Noticed a dread
    69 | D        | Killed a destroyer
    69 | D        | Noticed a destroyer
    70 | D        | Noticed a destroyer
    70 | D        | Noticed a tyrant
    71 | D        | Noticed a dread
    71 | D        | Noticed a destroyer
    71 | D        | Noticed a tyrant
    72 | D        | Noticed a meat beast
    72 | D        | Killed a meat beast
    72 | D        | Killed a dread
    72 | D        | Killed a destroyer
    72 | D        | Noticed an accursed
    72 | D        | Noticed a destroyer
    73 | D        | Killed a meat beast
    73 | D        | Killed an accursed
    73 | D        | Killed a destroyer
    74 | D        | Killed a destroyer
    74 | D        | Noticed The Servant
    75 | D        | Killed a destroyer
    77 | D        | Noticed a meat beast
    78 | D        | Killed a tyrant
    79 | D        | Killed a destroyer
    80 | D        | Killed a dread
    80 | D        | Noticed a destroyer
    81 | D        | Killed a meat beast
    82 | D        | Killed a destroyer
    82 | D        | Killed a dread
    83 | D        | Killed a destroyer
    83 | D        | Killed a dread
    84 | D        | Killed a destroyer
    84 | D        | HP: 2/249 [The Servant/+9 glaive of flaming (124)]
    84 | D        | Annihilated by The Servant

Levels and vault maps discovered:
D:        meatsprint

Skill      XL: |  1  2  3  4  5  6  7  8  9 10 11 12 13 14 15 16 17 18 19 20 21 22 |
---------------+-------------------------------------------------------------------+-----
Fighting       | 13 15 16 18 19 21 24 25 27 | 27.0
Axes           | 4 6 7 9 10 12 15 18 22 27 | 27.0
Throwing       | 4 5 6 7 8 9 14 21 27 | 27.0
Armour         | 4 5 6 7 8 10 11 16 24 27 | 27.0
Dodging        | 12 14 15 17 19 22 23 25 27 | 27.0
Unarmed Combat | 12 14 15 17 18 20 22 23 26 27 | 27.0
Spellcasting   | 14 16 17 19 20 22 24 26 27 | 27.0
Stealth        | 8 15 27 | 27.0
Invocations    | 27 | 27.0
Translocations | |  2.6

Action                   |  1- 3 |  4- 6 |  7- 9 | 10-12 | 13-15 | 16-18 | 19-21 | 22-24 | 25-27 || total
-------------------------+-------+-------+-------+-------+-------+-------+-------+-------+-------++-------
Melee: Executioner's axe |     1 |       |       |     2 |     2 |     2 |     6 |     8 |    42 ||    63
 Stab: Distracted        |       |       |       |       |       |       |       |     1 |       ||     1
Armor: Leather armour    |       |       |       |       |       |       |       |     1 |     3 ||     4
Dodge: Dodged            |       |       |       |     1 |       |     1 |     2 |       |     6 ||    10
